 Dungeon Crawl Stone Soup version 0.24-a0-170-gd8427f5 (webtiles) character file.

Game seed: 13938215516909717800

124 mopl the Poker (level 4, -1/38 HPs)
             Began as a Draconian Abyssal Knight on Mar 10, 2019.
             Was a Believer of Lugonu.
             Slain by Natasha (6 damage)
             ... on level 3 of the Dungeon.
             The game lasted 00:02:49 (1944 turns).

mopl the Poker (Draconian Abyssal Knight)           Turns: 1944, Time: 00:02:49

Health: -1/38      AC:  6    Str: 15    XL:     4   Next: 81%
Magic:  6/6        EV: 11    Int: 12    God:    Lugonu [**....]
Gold:   60         SH:  3    Dex: 11    Spells: 3/3 levels left

rFire    . . .     SeeInvis .   a - +1 spear
rCold    . . .     Gourm    +   j - +0 buckler (curse)
rNeg     . . .     Faith    .   (armour unavailable)
rPois    .         Spirit   .   (helmet restricted)
rElec    .         Reflect  .   i - +0 cloak
rCorr    .         Harm     .   (no gloves)
MR       .....                  (no boots)
Stlth    +.........             n - amulet of the gourmand
HPRegen  0.12/turn              (no ring)
MPRegen  0.10/turn              (no ring)

@: no status effects
A: unfitting armour, cold-blooded, AC +5
a: Depart the Abyss, Bend Space, Renounce Religion


You were on level 3 of the Dungeon.
You worshipped Lugonu.
Lugonu was pleased with you.
You were completely stuffed.

You visited 1 branch of the dungeon, and saw 3 of its levels.
You visited the Abyss 1 time.

You collected 60 gold pieces.

Inventory:

Hand Weapons
 a - a +1 spear (weapon)
Missiles
 c - 4 needles of confusion
 l - 64 poisoned needles
Armour
 i - a +0 cloak (worn)
 j - a cursed +0 buckler (worn)
Jewellery
 n - an amulet of the gourmand (around neck)
Scrolls
 k - a scroll of blinking {unknown}
 o - a scroll of random uselessness {unknown}
Potions
 d - 3 potions of agility {unknown}
 e - 3 potions of flight
 f - a potion of might
 g - 2 potions of heal wounds {unknown}
 m - a potion of curing
 p - a potion of magic
 q - a potion of lignification {unknown}
 r - 2 potions of brilliance {unknown}
Comestibles
 b - 5 rations
 h - a chunk of flesh


   Skills:
 - Level 3.2 Fighting
 * Level 4.3 Polearms
 - Level 2.1 Dodging
 + Level 3.5 Invocations


You had 3 spell levels left.
You didn't know any spells.
Your spell library was empty.

Dungeon Overview and Level Annotations

Branches:
Dungeon (3/15)

Altars:

Annotations:
D:3 Natasha


Innate Abilities, Weirdness & Mutations

Your plain brown scales are hard. (AC +5)
You cannot fit into any form of body armour.
You are cold-blooded and may be slowed by cold attacks.


Message History

You are too injured to fight recklessly!
You are too injured to fight recklessly!
You are too injured to fight recklessly!
You barely miss Natasha.
Natasha is severely wounded.
Natasha claws you.
You barely miss Natasha.
Natasha is severely wounded.
Natasha stares at you and mumbles some strange words.
The magic dart hits you.
* * * LOW HITPOINT WARNING * * *
You closely miss Natasha.
Natasha is severely wounded.
Natasha casts a spell at you. The magic dart hits you.
* * * LOW HITPOINT WARNING * * *
You barely miss Natasha.
Natasha is severely wounded.
Natasha claws you.
You die...

........#
#............#†#
.........
#.######.#####.#
##....###
#h######.#####.#
.##.#
#(.............#
.# .#
#.######.#######
.# # #.# #.# .#
#.# #.#
#.######.#
#.h@.....#
#.######## #.#
... .... ......
.......
.........


You could see Natasha.

Vanquished Creatures
  A hound (D:3)
  Natasha (D:3)
  2 adders (D:2)
  A worm (D:2)
  A leopard gecko (D:2)
  3 giant cockroaches
  9 goblins
  9 hobgoblins
  6 bats
  3 frilled lizards
  5 kobolds
  8 rats
49 creatures vanquished.

Notes
Turn   | Place    | Note
-------+----------+-------------------------------------------
     0 | Abyss:1  | mopl the Draconian Abyssal Knight began the quest for the
                  | Orb.
     0 | Abyss:1  | Reached XP level 1. HP: 19/19 MP: 2/2
   139 | Abyss:2  | Noticed a smoke demon
   141 | Abyss:2  | Got a polished ring mail
   154 | D:1      | Escaped the Abyss
   472 | D:1      | Reached * piety under Lugonu
   531 | D:1      | Reached XP level 2. HP: 26/26 MP: 3/3
  1073 | D:2      | Reached skill level 3 in Polearms
  1079 | D:2      | Reached XP level 3. HP: 26/31 MP: 3/5
  1447 | D:2      | Reached skill level 3 in Invocations
  1806 | D:3      | Reached XP level 4. HP: 38/38 MP: 6/6
  1843 | D:3      | Reached skill level 4 in Polearms
  1906 | D:3      | Reached ** piety under Lugonu
  1912 | D:3      | Noticed Natasha
  1919 | D:3      | Killed Natasha
  1928 | D:3      | Noticed Natasha
  1944 | D:3      | Slain by Natasha

Levels and vault maps discovered:
D:1:      lordsloth_arrival_two_stooges, layout_loops_ring, kennysheep_boxes
D:2:      layout_basic
D:3:      layout_loops_ring, uniq_natasha, uniq_ijyb
Abyss:1:  abyss_exit_lava
Abyss:2

Skill      XL: |  1  2  3  4 |
---------------+-------------+-----
Polearms       | 3 4 |  4.3
Invocations    | 3 |  3.5
Fighting       | |  3.2
Dodging        | |  2.1

Action                   |  1- 3 |  4- 6 || total
-------------------------+-------+-------++-------
Melee: Spear             |   138 |    33 ||   171
       Tailslap          |    13 |     5 ||    18
Invok: Depart the Abyss  |     1 |       ||     1
  Use: Scroll            |     4 |       ||     4
  Eat: Chunk             |    16 |     5 ||    21
Armor: Skin              |    47 |     6 ||    53
Dodge: Dodged            |    55 |    14 ||    69
Block: Buckler           |    13 |     1 ||    14

Table legend:
 A = Non-vault XP
 B = Vault XP
 C = Vault XP percentage of total XP
 D = Non-vault monster count
 E = Vault monster count
 F = Vault count percentage of total count
                 A         B        C        D         E       F
            +---------+---------+-------+---------+---------+-------
      Total |     143 |      35 |  19.7 |      48 |       1 |   2.0
            +---------+---------+-------+---------+---------+-------
        D:1 |      31 |       0 |   0.0 |      19 |       0 |   0.0
        D:2 |      59 |       0 |   0.0 |      21 |       0 |   0.0
        D:3 |      53 |      35 |  39.8 |       8 |       1 |  11.1
            +---------+---------+-------+---------+---------+-------
